 Dungeon Crawl Stone Soup version 0.31-a0-506-g3d79149578 (console) character file.

Game seed: 7797420182765787938

1215 Lexodia the Trooper (level 8, -10/88 HPs)
             Began as an Ogre Gladiator on Aug 9, 2023.
             Mangled by an orc warrior
             ... wielding a +0 war axe
              (15 damage)
             ... on level 6 of the Dungeon.
             The game lasted 00:09:30 (5189 turns).

Lexodia the Trooper (Ogre Gladiator)                Turns: 5189, Time: 00:09:30

Health: -10/88     AC:  8    Str: 18 (21) XL:     8   Next: 46%
Magic:  17/17      EV: 15    Int:  8 (9)  God:
Gold:   345        SH:  0    Dex:  8 (10) Spells: 7/7 levels left

rFire   . . .        a - +0 flail
rCold   + . .        (no shield)
rNeg    . . .        r - +1 robe "Tiguk" {+Inv rC+ Regen+ MP+9}
rPois   .            c - +0 hat
rElec   .            (no cloak)
rCorr   .            (gloves unavailable)
SInv    .            (boots unavailable)
Will    .....        (no amulet)
Stlth   +            i - +4 ring of protection
HPRegen 1.14/turn    C - +5 ring of evasion
MPRegen 0.15/turn

%: no passive effects
@: mighty
A: large, unfitting armour, tough skin 1
a: Evoke Invisibility


You were on level 6 of the Dungeon.
You visited 2 branches of the dungeon, and saw 7 of its levels.
You also visited: Sewer.

You collected 345 gold pieces.

Inventory:

Hand Weapons
 a - a +0 flail (weapon)
Missiles
 d - 3 throwing nets (quivered)
 e - a large rock
 k - 15 poisoned darts
 p - 70 stones
 x - 9 boomerangs
Armour
 b - a +0 robe
 c - a +0 hat (worn)
 r - the +1 robe "Tiguk" (worn) {+Inv rC+ Regen+ MP+9}
   (You took it off a hobgoblin on level 3 of the Dungeon)

   rC+:       It protects you from cold.
   MP+9:      It affects your magic capacity (+9).
   +Inv:      It lets you turn invisible.
   Regen+:    It increases your rate of health regeneration.
 w - a +0 kite shield
Magical Staves
 q - a staff of earth
Jewellery
 i - a +4 ring of protection (left hand)
 C - a +5 ring of evasion (right hand)
 H - a ring of resist corrosion
Wands
 A - a wand of paralysis (7)
 I - a wand of mindburst (13)
Scrolls
 g - 3 scrolls of vulnerability {unknown}
 h - 3 scrolls of identify {unknown}
 j - 2 scrolls of enchant armour {unknown}
 m - 2 scrolls of silence {unknown}
 n - 3 scrolls of teleportation {unknown}
 o - a scroll of summoning {unknown}
 t - a scroll of brand weapon {unknown}
 u - 2 scrolls of fog {unknown}
 y - a scroll of noise {unknown}
 E - a scroll of blinking {unknown}
 K - a scroll of immolation {unknown}
Potions
 f - a potion of magic {unknown}
 l - 2 potions of mutation {unknown}
 s - a potion of resistance {unknown}
 v - 2 potions of cancellation {unknown}
 z - 2 potions of degeneration
 B - a potion of heal wounds {unknown}
 D - 2 potions of might
 F - a potion of attraction {unknown}
 G - a potion of haste {unknown}
 J - a potion of ambrosia {unknown}


   Skills:
 + Level 7.9 Fighting
 + Level 5.7 Maces & Flails
 + Level 5.8 Throwing
 - Level 2.6 Dodging
 + Level 1.2 Evocations


You had 7 spell levels left.
You didn't know any spells.
Your spell library contained the following spells:

 Spells                   Type           Power      Damage    Failure   Level
 Lesser Beckoning         Tloc           0%         N/A       54%         2
 Gell's Gravitas          Tloc           0%         N/A       78%         3
 Teleport Other           Tloc           0%         N/A       78%         3


Dungeon Overview and Level Annotations

Branches:
Dungeon (6/15)             Temple (1/1) D:5           Sewer (visited)

Altars:
Ashenzari
Dithmenos
Elyvilon
Fedhas
Hepliaklqana
Kikubaaqudgha
Makhleb
Nemelex Xobeh
Qazlal
Ru
Trog
Uskayaw
Wu Jian
Xom
Yredelemnul
Zin
The Shining One


Innate Abilities, Weirdness & Mutations

You are too large for most types of armour.
You have tough skin. (AC +1)


Message History

Something hits you but does no damage.
You hit the orc priest.
The orc priest is moderately wounded.
The orc warrior barely misses you. The orc barely misses you.
The orc priest closely misses you. The orc barely misses you.
The orc hits you with a +0 hand axe.
The orc priest calls upon Beogh to heal the orc priest.
The orc priest's wounds heal themselves!
Something hits you but does no damage.
You barely miss the orc priest. The orc hits you with a +0 war axe.
The orc priest closely misses you. The orc closely misses you.
The orc hits you but does no damage. The orc warrior closely misses you.
Something barely misses you.
The orc priest hits you but does no damage.
You sock the orc priest!
The orc priest is severely wounded.
The orc warrior hits you with a +0 war axe!
* * * LOW HITPOINT WARNING * * *
The orc closely misses you.
The orc priest hits you but does no damage.
The orc hits you but does no damage. The orc closely misses you.
The orc priest hits you but does no damage.
Something barely misses you.
Huge Dmg: -10%(-9hp) hp: 27%(23hp)
You hit the orc priest.
The orc priest is lightly wounded.
The orc warrior hits you with a +0 war axe.
* * * LOW HITPOINT WARNING * * *
The orc hits you with a +0 war axe.
* * * LOW HITPOINT WARNING * * *
The orc priest invokes the aid of Beogh against you.
Beogh smites you!
* * * LOW HITPOINT WARNING * * *
The orc closely misses you. The orc priest completely misses you.
Something hits you.
* * * LOW HITPOINT WARNING * * *
The orc hits you with a +0 hand axe.
* * * LOW HITPOINT WARNING * * *
The orc warrior hits you with a +0 war axe!
You die...

... .#.... #.. #......
##..#.......
##...........
#............
#...........
#...o......# .
#.ooo$...## ...
##o@o...... ...#####
#####o)...#..
#......###..#.........
#.......##.....####.##
#.......#......# #
##..##.........# #..
#.........#
##.##..#.......#
####.....##.......#


You could see an orc warrior, 2 orc priests and 4 orcs.

Vanquished Creatures
  2 phantoms
  The ghost of disskorpion the Trooper, an amateur FeMo (D:3)
  A bullfrog (D:6)
  2 scorpions (D:4)
  2 howler monkeys
  2 hounds
  3 orc priests
  An iguana (D:6)
  Terence (D:3)
  6 orc wizards
  A sleepcap (D:4)
  4 gnolls (D:4)
  11 adders
  7 river rats (Sewer)
  A white imp (D:6)
  3 worms
  A dart slug (D:2)
  18 orcs
  12 ball pythons
  8 endoplasms
  7 giant cockroaches
  9 hobgoblins
  21 jackals
  3 quokkas
  4 bats
  4 frilled lizards
  4 goblins
  10 kobolds
  9 rats
158 creatures vanquished.

Notes
Turn   | Place    | Note
-------+----------+-------------------------------------------
     0 | D:1      | Lexodia the Ogre Gladiator began the quest for the Orb.
     0 | D:1      | Reached XP level 1. HP: 22/22 MP: 1/1
    26 | D:1      | Huge Dmg: 5 dmg
    71 | D:1      | Reached skill level 3 in Fighting
    97 | D:1      | Reached XP level 2. HP: 26/31 MP: 2/2
   380 | D:1      | Found Esisom's Armour Shoppe.
   390 | D:1      | Reached XP level 3. HP: 31/37 MP: 3/3
   936 | D:2      | Reached XP level 4. HP: 48/48 MP: 4/4
   938 | D:2      | Reached skill level 4 in Fighting
   993 | D:2      | Huge Dmg: 8 dmg
  1925 | D:3      | Noticed Terence
  1935 | D:3      | Killed Terence
  1936 | D:3      | Reached XP level 5. HP: 50/55 MP: 5/5
  2004 | D:3      | Identified the +1 robe "Tiguk" {+Inv rC+ Regen+ MP+9}
  2036 | D:3      | Identified the +0 pair of boots of Plog {-Tele rC+ Will+}
  2135 | D:3      | Found a runed translucent door.
  2136 | D:3      | Noticed disskorpion's ghost (amateur FeMo)
  2148 | D:3      | Huge Dmg: 9 dmg
  2189 | D:3      | Huge Dmg: 9 dmg
  2201 | D:3      | Huge Dmg: 10 dmg
  2205 | D:3      | Huge Dmg: 8 dmg
  2210 | D:3      | Huge Dmg: 6 dmg
  2211 | D:3      | Killed disskorpion's ghost
  2212 | D:3      | Reached skill level 5 in Fighting
  2212 | D:3      | Reached XP level 6. HP: 17/66 MP: 6/6
  2249 | D:3      | Found a glowing drain.
  2253 | Sewer    | Entered a sewer
  3451 | D:4      | Reached skill level 6 in Fighting
  3451 | D:4      | Reached XP level 7. HP: 61/75 MP: 7/7
  3685 | D:4      | Huge Dmg: 16 dmg
  3759 | D:4      | Reached skill level 5 in Throwing
  3784 | D:4      | Reached skill level 5 in Maces & Flails
  3826 | D:4      | Reached skill level 7 in Fighting
  4247 | D:4      | Found a glowing silver altar of Zin.
  4425 | D:5      | Entered Level 5 of the Dungeon
  4444 | D:5      | Found a staircase to the Ecumenical Temple.
  4522 | Temple   | Entered the Ecumenical Temple
  4635 | D:5      | Reached XP level 8. HP: 84/87 MP: 8/8
  4698 | D:5      | Found a shadowy altar of Dithmenos.
  4699 | D:5      | Found a glowing golden altar of the Shining One.
  4699 | D:5      | Found a stormy altar of Qazlal.
  4901 | D:5      | Found an ancient bone altar of Kikubaaqudgha.
  5145 | D:6      | Reached skill level 1 in Evocations
  5179 | D:6      | Huge Dmg: 28 dmg
  5182 | D:6      | Huge Dmg: 15 dmg
  5189 | D:6      | Huge Dmg: 9 dmg
  5189 | D:6      | Mangled by an orc warrior

Illustrated notes

Levels and vault maps discovered:
D:1:      psy_arrival_terrarium, layout_rooms, serial_shops,
          nicolae_diamond_shop
D:2:      layout_basic, mrwooster_statue_mirror, minmay_heptomino_d4
D:3:      layout_loops_ring, gup_sewer_entry_bowl, gammafunk_ghost_grave,
          uniq_terence
D:4:      layout_basic, mainiacjoe_overflow_alcove_1, nicolae_letterblocks
          [nicolae_letter_subblock, nicolae_letter_subblock,
          nicolae_letter_subblock, nicolae_letter_subblock,
          nicolae_letter_subblock, nicolae_letter_subblock,
          nicolae_letter_subblock, nicolae_letter_subblock,
          nicolae_letter_subblock, nicolae_letter_subblock,
          nicolae_letter_subblock, nicolae_letter_subblock,
          nicolae_letter_subblock, nicolae_letter_subblock,
          nicolae_letter_subblock, nicolae_letter_subblock,
          nicolae_letter_subblock, nicolae_letter_subblock,
          nicolae_letter_subblock, nicolae_letter_subblock,
          nicolae_letter_subblock, nicolae_letter_subblock,
          nicolae_letter_subblock, nicolae_letter_subblock,
          nicolae_letter_subblock]
D:5:      layout_basic, grunt_temple_overflow_open,
          mainiacjoe_overflow_chevrons, minmay_temple_entry_mini_moons,
          hangedman_abyss_or_decor_stagger, lemuel_flamethrower_1
D:6:      layout_cave_pools, serial_shops, nicolae_shop_tiny_real_fake_doors
Temple:   nicolae_temple_no_exploring_needed

Skill      XL: |  1  2  3  4  5  6  7  8 |
---------------+-------------------------+-----
Fighting       | 3 4 5 6 7 |  7.9
Maces & Flails | 3 4 5 |  5.7
Throwing       | 3 4 5 |  5.8
Evocations     | 1 |  1.2
Dodging        | |  2.6

Action                     |  1- 3 |  4- 6 |  7- 9 || total
---------------------------+-------+-------+-------++-------
  Melee: Flail             |   111 |   335 |   284 ||   730
         Punch             |     2 |     2 |     3 ||     7
  Throw: Large rock        |       |     2 |       ||     2
    Use: Potion            |       |       |     2 ||     2
   Stab: Sleeping          |     1 |     1 |       ||     2
 Armour: Robe              |    40 |   169 |   135 ||   344
  Dodge: Dodged            |    70 |   191 |   244 ||   505

Table legend: (Time is in decaauts)
 A = Elapsed time spent in this place.
 B = Non-inter-level travel time spent in this place.
 C = Inter-level travel time spent in this place.
 D = Time resting spent in this place.
 E = Time spent auto-exploring this place.
 F = Levels seen in this place.
 G = Mean time per level.
                   A        B        C        D        E       F      G
               +--------+--------+--------+--------+--------+-----+--------+
         Total |   5328 |   5036 |    292 |      0 |   3500 |   8 |  666.0 |
       Dungeon |   4554 |   4262 |    292 |      0 |   3020 |   6 |  759.0 |
        Temple |      1 |      1 |      0 |      0 |      0 |   1 |    1.0 |
         Sewer |    772 |    772 |      0 |      0 |    480 |   1 |  772.0 |
               +--------+--------+--------+--------+--------+-----+--------+

Top non-repeatable levels by time:
     D:2: 1264 daAuts
     D:4: 952 daAuts
     D:3: 903 daAuts
   Sewer: 772 daAuts
     D:1: 657 daAuts
     D:5: 601 daAuts
     D:6: 175 daAuts
  Temple: 1 daAuts
